 Dungeon Crawl Stone Soup version 0.31.0-10-gcf4a605ca0 (webtiles) character file.

Game seed: 15398329579809296679

50 Gadfly the Ruffian (level 3, 0/29 HPs)
             Began as a Draconian Shapeshifter on Jan 25, 2024.
             Slain by a gnoll
             ... wielding a +0 spear
              (2 damage)
             ... on level 2 of the Dungeon.
             The game lasted 00:02:19 (953 turns).

Gadfly the Ruffian (Draconian Shapeshifter)          Turns: 953, Time: 00:02:20

Health: 0/29       AC:  5    Str: 13 (16) XL:     3   Next: 55%
Magic:  3/3        EV: 12    Int:  7 (10) God:
Gold:   87         SH:  0    Dex: 10 (12) Spells: 2/2 levels left

rFire   . .          .
                       - Unarmed
rCold   . . .        (no shield)
rNeg    . . .        (body armour unavailable)
rPois   .            (helmet currently unavailable)
rElec   .            (cloak currently unavailable)
rCorr   .            d - melded +1 pair of gloves
SInv    .            (boots currently unavailable)
Will    .....        (no amulet)
Stlth   +            (no ring)
HPRegen 0.24/turn    (no ring)
MPRegen 0.08/turn

%: no passive effects
@: brilliant, beast-form
A: beast (slay +1), AC +5, unfitting armour, cold-blooded
a: Begin Untransformation


You were on level 2 of the Dungeon.
You were a hulking beast.
You visited 1 branch of the dungeon, and saw 2 of its levels.

You collected 87 gold pieces.

Inventory:

Armour
 d - a +1 pair of gloves (melded)
Talismans
 b - a beast talisman (active)
 c - a flux talisman
Scrolls
 g - a scroll of amnesia {unknown}
Potions
 e - a potion of invisibility


   Skills:
 + Level 1.9 Fighting
 + Level 2.2 Dodging
 + Level 3.3 Unarmed Combat
 + Level 1.2 Evocations
 + Level 3.3 Shapeshifting


You had 2 spell levels left.
You didn't know any spells.
Your spell library was empty.

Dungeon Overview and Level Annotations

Branches:
Dungeon (2/15)

Altars:

Annotations:
D:2 Jessica


Innate Abilities, Weirdness & Mutations

You are a hulking beast.
Your limbs bulge with bestial killing power. (Slay +1)
Your plain brown scales are hard. (AC +5)
You cannot fit into any form of body armour.
You are cold-blooded and may be slowed by cold attacks.


Message History

The gnoll hits you but does no damage. The gnoll hits you but does no damage.
The gnoll hits you but does no damage. The gnoll barely misses you.
The gnoll hits you but does no damage. The gnoll hits you but does no damage.
The gnoll hits you but does no damage. The gnoll hits you but does no damage.
The gnoll hits you but does no damage. The gnoll hits you but does no damage.
The gnoll hits you but does no damage. The gnoll hits you but does no damage.
The gnoll hits you but does no damage.
The gnoll hits you from afar with a +0 spear.
* * * LOW HITPOINT WARNING * * *
The gnoll hits you but does no damage. The gnoll completely misses you.
Your transformation is almost over.
The gnoll hits you but does no damage. The gnoll hits you but does no damage.
The gnoll hits you but does no damage.
The gnoll hits you from afar with a +0 spear.
* * * LOW HITPOINT WARNING * * *
The gnoll hits you but does no damage.
You flicker for a moment.
The gnoll hits you from afar with a +0 spear.
* * * LOW HITPOINT WARNING * * *
The gnoll hits you but does no damage. The gnoll hits you but does no damage.
You feel less wooden.
Your +1 pair of gloves unmelds from your body.
You turn into a hulking beast.
Your +1 pair of gloves melds into your body.
The gnoll misses you. The gnoll misses you.
Unknown command.
Unknown command.
You flicker back into view.
The gnoll hits you with a +0 spear.
You die...

###################
..............))h.#
#################g#
#@# #.# (...g.).#
###.##... #....
....$+ #.....#


You could see a gnoll and Jessica.

Vanquished Creatures
  Robin (D:2)
  2 dart slugs (D:1)
  An endoplasm (D:1)
  9 goblins
  7 hobgoblins
  A ball python (D:1)
  5 bats (D:1)
  2 frilled lizards
  4 kobolds (D:1)
  2 rats (D:1)
34 creatures vanquished.

Notes
Turn   | Place    | Note
-------+----------+-------------------------------------------
     0 | D:1      | Gadfly the Draconian Shapeshifter began the quest for the
                  | Orb.
     0 | D:1      | Reached XP level 1. HP: 16/16 MP: 1/1
   113 | D:1      | Found a faded altar of an unknown god.
   124 | D:1      | Reached XP level 2. HP: 23/23 MP: 2/2
   733 | D:1      | Reached skill level 1 in Evocations
   858 | D:2      | Reached XP level 3. HP: 29/29 MP: 3/3
   878 | D:2      | Identified the +0 mace "Bigoc" {holy, Dex+4}
   881 | D:2      | Noticed Jessica
   886 | D:2      | Noticed Robin
   915 | D:2      | Killed Robin
   924 | D:2      | HP: 2/43 [gnoll/+0 spear (3)]
   948 | D:2      | HP: 1/43 [gnoll/+0 spear (2)]
   953 | D:2      | Slain by a gnoll

Illustrated notes

Levels and vault maps discovered:
D:1:      dpeg_arrival_shelter, layout_loops_ring,
          shapermc_ecumenical_altar_notcrosses, hex_tiny, minmay_tetromino_l4
D:2:      layout_basic, uniq_robin, uniq_sigmund, uniq_jessica

Skill      XL: |  1  2 |
---------------+-------+-----
Dodging        | 2 |  2.2
Evocations     | 1 |  1.2
Fighting       | |  1.9
Unarmed Combat | |  3.3
Shapeshifting  | |  3.3

Action                     || total
---------------------------++-------
  Melee: Unarmed           ||    92
         Punch             ||     2
         Tailslap          ||    12
    Use: Scroll            ||     1
         Potion            ||     5
 Armour: Skin              ||    99
  Dodge: Dodged            ||    59
   Form: Beast             ||     2
                           ||     1
